 Dungeon Crawl Stone Soup version 0.26.1-2-gb8aa6d0cf2 (console) character file.

Game seed: 4706367108149637281

25594 GodsVoicemail the Geomancer (level 13, -2/84 HPs)
             Began as an Octopode Earth Elementalist on Mar 6, 2021.
             Was a Believer of Cheibriados.
             Slain by a two-headed ogre
             ... wielding a +2 great mace of flaming
              (11 damage)
             ... in a volcano.
             The game lasted 03:04:31 (24058 turns).

GodsVoicemail the Geomancer (OpEE)                 Turns: 24058, Time: 03:04:31

Health: -2/84      AC:  7    Str: 17    XL:     13   Next: 20%
Magic:  0/24       EV: 16    Int: 25    God:    Cheibriados [**....]
Gold:   807        SH:  0    Dex: 22    Spells: 6/27 levels left

rFire    + . .     SeeInvis .     - Unarmed
rCold    + + .     Faith    .   u - +3 warlock's mirror {reflect}
rNeg     + . .     Spirit   +   (helmet restricted)
rPois    +         Reflect  +   l - amulet of Xaur {Spirit Str+2}
rElec    .         Harm     .   f - ring of resist corrosion
rCorr    +         Rampage  .   z - ring of protection from cold
Will     .....                  t - ring of positive energy
Stlth    +++.......             y - +4 ring of protection
HPRegen  0.24/turn              H - ring "Rehuwn" {rPois rF+ rC+ Stlth+}
MPRegen  0.19/turn              J - +6 ring of dexterity
                                (no ring)
                                (no ring)

@: confused, brilliant, very slightly contaminated, very slow
A: almost no armour, stealthy swim, amphibious, 8 rings, constrict 8, fangs 1,
thin metallic scales 1, camouflage 1, strong 1, gelatinous body 1, MP-powered
wands
a: Renounce Religion, Bend Time


You were in a volcano.
You worshipped Cheibriados.
Cheibriados was pleased with you.
You visited 3 branches of the dungeon, and saw 15 of its levels.
You also visited: Gauntlet and Volcano.

You collected 807 gold pieces.

Inventory:

Hand Weapons
 b - the +3 fustibalus "Datuxyn" {vorpal, rElec rF++ Will+ Dex-3}
   (You took it off a minotaur in a Gauntlet)

   Any stone fired from it inflicts extra damage.
   It affects your dexterity (-3).
   It greatly protects you from fire.
   It insulates you from electricity.
   It affects your willpower, your defense against some magical effects.
 q - a +3 dagger of venom
Missiles
 a - 72 stones
 d - 2 silver boomerangs
 e - 294 arrows
 j - 6 boomerangs (quivered)
 m - 81 poisoned darts
 r - 17 javelins
 w - 85 sling bullets
 D - 4 throwing nets
Armour
 u - the +3 warlock's mirror (worn) {reflect}
   (You acquired it on level 10 of the Dungeon)
Jewellery
 f - a ring of resist corrosion (left tentacle)
 l - the amulet of Xaur (around mantle) {Spirit Str+2}
   (You found it on level 4 of the Dungeon)

   [amulet of guardian spirit]

   It causes incoming damage to be split between your health and magic.
   It affects your strength (+2).
 n - an uncursed ring of ice
 o - an uncursed amulet of magic regeneration
 t - a ring of positive energy (on tentacle)
 y - a +4 ring of protection (on tentacle)
 z - a ring of protection from cold (right tentacle)
 G - an uncursed ring of fire
 H - the ring "Rehuwn" (on tentacle) {rPois rF+ rC+ Stlth+}
   (You acquired it on level 9 of the Dungeon)

   [ring of protection from fire]

   It protects you from fire.
   It protects you from cold.
   It protects you from poison.
   It makes you more stealthy.
 J - a +6 ring of dexterity (on tentacle)
Wands
 c - a wand of enslavement (5)
 k - a wand of flame (14)
 p - a wand of paralysis (11)
 s - a wand of polymorph (6)
 K - a wand of disintegration (11)
Scrolls
 g - 6 scrolls of identify
 i - 4 scrolls of fear
 v - a scroll of magic mapping
 A - a scroll of fog
 B - 4 scrolls of teleportation
 C - 2 scrolls of remove curse
 F - 4 scrolls of enchant armour
 I - a scroll of blinking
 L - a scroll of vulnerability {unknown}
Potions
 x - a potion of brilliance
 M - 2 potions of haste
 N - a potion of curing


   Skills:
 - Level 6.5 Fighting
 + Level 3.5(3.6) Slings
 - Level 1.0(2.4) Throwing
 + Level 4.4 Dodging
 - Level 5.0 Stealth
 - Level 4.5 Shields
 * Level 11.2 Unarmed Combat
 * Level 7.8 Spellcasting
 * Level 3.6 Transmutations
 + Level 11.2 Earth Magic
 + Level 7.7 Invocations
 - Level 3.0 Evocations


You had 6 spell levels left.
You knew the following spells:

 Your Spells              Type           Power        Failure   Level
a - Sandblast             Erth           100%         1%          1
b - Passwall              Tmut/Erth      52%          1%          2
c - Stone Arrow           Conj/Erth      100%         1%          3
d - Petrify               Tmut/Erth      63%          3%          4
e - Lee's Rapid Deconstr  Erth           39%          1%          5
f - Statue Form           Tmut/Erth      42%          41%         6

Your spell library contained the following spells:

 Spells                   Type           Power        Failure   Level
 Leda's Liquefaction      Hex/Erth       27%          6%          4
 Poisonous Vapours        Pois/Air       28%          10%         2
 Conjure Flame            Conj/Fire      14%          19%         3
 Mephitic Cloud           Conj/Pois/Air  14%          19%         3
 Ice Form                 Ice/Tmut       28%          28%         4
 Bolt of Magma            Conj/Fire/Erth 21%          36%         5
 Iron Shot                Conj/Erth      27%          67%         6
 Metabolic Englaciation   Hex/Ice        7%           86%         5
 Freezing Cloud           Conj/Ice/Air   7%           100%        6
 Ozocubu's Refrigeration  Ice            7%           100%        6
 Simulacrum               Ice/Necr       7%           100%        6
 Shatter                  Erth           39%          100%        9


Dungeon Overview and Level Annotations

Branches:
Dungeon (11/15)            Temple (1/1) D:7            Lair (3/6) D:10
Volcano (1/1)             Gauntlet (visited)
  Swamp: Lair:2-4    Shoals: Lair:2-4     Snake: Lair:2-4    Spider: Lair:2-4
    Orc: D:9-12

Altars:
Ashenzari
Cheibriados
Dithmenos
Elyvilon
Fedhas
Gozag
Hepliaklqana
Kikubaaqudgha
Makhleb
Nemelex Xobeh
Okawaru
Qazlal
Sif Muna
Trog
Uskayaw
Vehumet
Wu Jian
Xom
Yredelemnul
Zin

Shops:
D:5 [   D:10 }

Annotations:
D:9 exclusion: downstairs
D:11 exclusions: boulder beetle, scorpion, ugly thing and 2 more exclusions
Lair:1 exclusions: hydra and 2 oklob plants


Innate Abilities, Weirdness & Mutations

You cannot wear most types of armour.
You are very stealthy in the water. (Stealth+)
You are amphibious.
You can wear up to eight rings at the same time.
You can use your tentacles to constrict eight enemies at once.
Your skin changes colour to match your surroundings (Stealth+).
Your rubbery body absorbs attacks. (AC +1, EV +1)
You have very sharp teeth.
You are partially covered in thin metallic scales. (AC +2)
Your muscles are strong. (Str +2)
You expend magic power (3 MP) to strengthen your wands.


Message History

* * * LOW HITPOINT WARNING * * *
The two-headed ogre burns you.
* * * LOW HITPOINT WARNING * * *
The two-headed ogre hits you with a +3 great mace of flaming!
* * * LOW HITPOINT WARNING * * *
The two-headed ogre burns you.
* * * LOW HITPOINT WARNING * * *
The two-headed ogre shouts in stereo!
You bludgeon the two-headed ogre! You squeeze the two-headed ogre.
The two-headed ogre is heavily wounded.
You bump into the stone wall.
The two-headed ogre hits you with a +2 great mace of flaming!!
* * * LOW HITPOINT WARNING * * *
The two-headed ogre burns you.
* * * LOW HITPOINT WARNING * * *
The two-headed ogre closely misses you.
Unknown command.
You're too confused to move!
The two-headed ogre hits you with a +2 great mace of flaming!!
You die...

!(. .# ..##### ..####
.# #.#..#####..##
!..###....O..)....###
#....∩∩..###......#
##.......##!$$(..##
!...##..)#####.(.(##
.## #.#..#..##OO###
#.#.##..###@# .##.#
.()(### ## ... ##∩..
O.)) ## ####


You could see 2 two-headed ogres.

Vanquished Creatures
  A minotaur (Gauntlet)
  Erolcha (D:10)
  3 two-headed ogres
  A queen ant (Gauntlet)
  A hell hog (Gauntlet)
  An unseen horror (D:8)
  A sixfirhy (Gauntlet)
  A lindwurm (Lair:3)
  Pikel (D:6)
  An ugly thing (D:11)
  A manticore (D:11)
  4 black mambas
  Maurice (D:9)
  3 cane toads
  A minotaur zombie (Gauntlet)
  A rime drake (Lair:3)
  2 komodo dragons (Lair:1)
  A troll (D:10)
  Grinder (D:6)
  14 blink frogs
  5 wyverns
  2 fire bats (Gauntlet)
  24 yaks
  A basilisk (Lair:2)
  A steam dragon (Lair:2)
  3 soldier ants (Gauntlet)
  Duvessa (D:6)
  3 hell hounds (Gauntlet)
  8 water moccasins
  2 ice beasts
  3 sky beasts
  An orc warrior (D:8)
  5 ogres
  8 wolves
  4 centaurs
  A lemure (D:6)
  A big kobold (D:6)
  6 bullfrogs
  6 scorpions
  Dowan (D:6)
  12 killer bees
  5 wights (D:10)
  A howler monkey (D:4)
  A centaur zombie (D:7)
  A bullfrog zombie (D:8)
  2 orc priests
  3 centaur skeletons
  A gnoll shaman (D:10)
  2 hounds
  A bullfrog skeleton (D:6)
  3 jellies
  3 iguanas
  17 orc wizards
  3 worker ants
  A killer bee zombie (D:6)
  A hound zombie (D:6)
  A hound skeleton (D:10)
  4 gnolls
  9 adders
  2 shadow imps
  2 white imps
  6 ufetubi
  2 oozes
  An adder skeleton (D:7)
  A worm (D:3)
  3 dart slugs
  7 leopard geckos
  34 orcs
  5 giant cockroaches
  10 goblins
  10 hobgoblins
  9 jackals
  A quokka (D:10)
  A ball python (D:2)
  14 bats
  6 frilled lizards
  15 kobolds
  A leopard gecko zombie (D:6)
  A quokka skeleton (D:4)
  7 rats
336 creatures vanquished.

Vanquished Creatures (collateral kills)
  An ogre mage (Volcano)
  A yak (Lair:1)
2 creatures vanquished.

Vanquished Creatures (others)
  A two-headed ogre (Volcano)
  2 yaks (Lair:1)
  6 bushes
  12 fungi
  31 plants
52 creatures vanquished.

Grand Total: 390 creatures vanquished

Notes
Turn   | Place    | Note
-------+----------+-------------------------------------------
     0 | D:1      | GodsVoicemail the Octopode Earth Elementalist began the
                  | quest for the Orb.
     0 | D:1      | Reached XP level 1. HP: 11/11 MP: 3/3
   393 | D:1      | Reached skill level 1 in Unarmed Combat
   393 | D:1      | Reached XP level 2. HP: 15/17 MP: 3/5
   812 | D:1      | Reached XP level 3. HP: 18/21 MP: 6/6
  1945 | D:2      | Learned a level 2 spell: Passwall
  1949 | D:2      | Learned a level 3 spell: Stone Arrow
  2034 | D:2      | Reached XP level 4. HP: 27/27 MP: 5/7
  2038 | D:2      | Reached skill level 1 in Fighting
  3234 | D:3      | Reached XP level 5. HP: 33/33 MP: 8/8
  4073 | D:4      | Reached XP level 6. HP: 26/39 MP: 2/9
  4508 | D:4      | Got a vibrating jade amulet
  4509 | D:4      | Identified the amulet of Xaur {Spirit Str+2} (You found it
                  | on level 4 of the Dungeon)
  4566 | D:5      | Entered Level 5 of the Dungeon
  4680 | D:5      | Found Docreasy's Armour Shop.
  5036 | D:5      | Reached XP level 7. HP: 37/45 MP: 5/11
  5111 | D:5      | Reached skill level 5 in Earth Magic
  5299 | D:4      | Gained mutation: You expend magic power (3 MP) to
                  | strengthen your wands. [potion of mutation]
  5299 | D:4      | Gained mutation: You have very sharp teeth. [potion of
                  | mutation]
  5299 | D:4      | Gained mutation: You are partially covered in thin metallic
                  | scales. (AC +2) [potion of mutation]
  5299 | D:4      | Gained mutation: Your muscles are strong. (Str +2) [potion
                  | of mutation]
  6229 | D:6      | Found a shimmering blue altar of Sif Muna.
  6359 | D:6      | You fall into a shaft and drop 1 floor!
  6416 | D:7      | Found a staircase to the Ecumenical Temple.
  6431 | D:7      | Reached XP level 8. HP: 54/54 MP: 12/12
  6443 | Temple   | Entered the Ecumenical Temple
  6605 | Temple   | Became a worshipper of Cheibriados the Contemplative
  6879 | D:6      | Reached skill level 5 in Unarmed Combat
  6879 | D:6      | Reached skill level 1 in Invocations
  7142 | D:6      | Noticed Duvessa
  7142 | D:6      | Noticed Dowan
  7147 | D:6      | Killed Dowan
  7150 | D:6      | Killed Duvessa
  7263 | D:6      | Noticed Grinder
  7306 | D:6      | Reached skill level 5 in Fighting
  7346 | D:6      | Noticed Pikel
  7366 | D:6      | Killed Pikel
  7367 | D:6      | Reached XP level 9. HP: 61/61 MP: 6/14
  8292 | D:8      | Killed an unseen horror
  8293 | D:8      | Reached skill level 1 in Evocations
  8618 | D:8      | Found a hide-covered altar of Uskayaw.
  8740 | D:8      | Reached skill level 5 in Stealth
  8780 | D:8      | Reached XP level 10. HP: 49/68 MP: 5/16
  9751 | D:7      | Reached * piety under Cheibriados
 14798 | D:9      | Noticed Maurice
 14809 | D:9      | Killed Maurice
 14952 | D:9      | Found a hazy altar of Hepliaklqana.
 14952 | D:9      | Found a radiant altar of Vehumet.
 15182 | D:9      | Reached skill level 1 in Throwing
 15182 | D:9      | Reached skill level 5 in Spellcasting
 15661 | D:10     | Entered Level 10 of the Dungeon
 15693 | D:10     | Was placed under penance by Cheibriados
 15709 | D:10     | Reached skill level 1 in Shields
 15744 | D:10     | Noticed a two-headed ogre
 15753 | D:10     | Was forgiven by Cheibriados
 15800 | D:10     | Killed a two-headed ogre
 16116 | D:10     | Reached XP level 11. HP: 69/72 MP: 19/19
 16142 | D:10     | Identified a scroll of acquirement
 16142 | D:10     | Acquired the +3 warlock's mirror {reflect}
 16143 | D:10     | Found the +3 warlock's mirror {reflect}
 16333 | D:10     | Found Dedef's Gadget Boutique.
 16349 | D:10     | Reached skill level 5 in Invocations
 16376 | D:10     | Noticed Erolcha
 16382 | D:10     | Found a staircase to the Lair.
 16516 | D:9      | Acquired the ring "Rehuwn" {rPois rF+ rC+ Stlth+}
 16525 | D:9      | Learned a level 5 spell: Lee's Rapid Deconstruction
 16789 | D:11     | Noticed a boulder beetle
 17112 | D:11     | Noticed a red ugly thing
 17205 | D:11     | Noticed a manticore
 17206 | D:11     | Noticed a brown ugly thing
 17215 | D:11     | Killed a manticore
 17219 | D:11     | Noticed a brown ugly thing
 17223 | D:11     | Killed a brown ugly thing
 17223 | D:11     | Noticed a boulder beetle
 17437 | D:11     | Noticed a purple ugly thing
 17608 | D:10     | Killed Erolcha
 17624 | Lair:1   | Entered Level 1 of the Lair of Beasts
 17647 | Lair:1   | Noticed an eight-headed hydra
 17731 | Lair:1   | Found a gate leading to a gauntlet.
 17746 | Gauntlet | Entered a Gauntlet
 17746 | Gauntlet | Found a transporter.
 17748 | Gauntlet | Noticed a sixfirhy
 17754 | Gauntlet | Found a transporter.
 17756 | Gauntlet | Found a transporter.
 17759 | Gauntlet | Noticed a queen ant
 17770 | Gauntlet | Found a transporter.
 17772 | Gauntlet | Found a transporter.
 17777 | Gauntlet | Noticed a hell hog
 17781 | Gauntlet | Found a transporter.
 17797 | Gauntlet | Noticed a cyan ugly thing
 17798 | Gauntlet | Found a transporter.
 17808 | Gauntlet | Found a transporter.
 17808 | Gauntlet | Noticed a moth of wrath
 17808 | Gauntlet | Noticed a great orb of eyes
 17810 | Gauntlet | Noticed a wolf spider
 17812 | Gauntlet | Found a transporter.
 17813 | Gauntlet | Found a transporter.
 17821 | Gauntlet | Found a transporter.
 17822 | Gauntlet | Found a transporter.
 17842 | Gauntlet | Noticed a wretched star
 17844 | Gauntlet | Found a transporter.
 17863 | Gauntlet | Found a transporter.
 18038 | Gauntlet | Killed a sixfirhy
 18264 | Gauntlet | Killed a queen ant
 18265 | Gauntlet | Reached skill level 10 in Earth Magic
 18404 | Gauntlet | Killed a hell hog
 18503 | Gauntlet | Learned a level 4 spell: Petrify
 18517 | Gauntlet | Identified the +3 fustibalus "Datuxyn" {vorpal, rElec rF++
                  | Will+ Dex-3}
 18517 | Gauntlet | Noticed a minotaur
 18535 | Gauntlet | Killed a minotaur
 18536 | Gauntlet | Reached XP level 12. HP: 20/79 MP: 7/21
 19528 | D:6      | Found a bloodstained altar of Trog.
 19540 | D:6      | Killed Grinder
 19963 | D:10     | Reached skill level 10 in Unarmed Combat
 20519 | Lair:1   | Reached skill level 1 in Slings
 23237 | Lair:1   | Acquired a book of the Earth
 23246 | Lair:1   | Learned a level 6 spell: Statue Form
 23566 | Lair:2   | Reached ** piety under Cheibriados
 23805 | Lair:3   | Reached XP level 13. HP: 68/84 MP: 12/24
 23883 | Lair:3   | Found a dark tunnel.
 24019 | Volcano  | Entered a volcano
 24057 | Volcano  | HP: 4/84 [two-headed ogre/+2 great mace of flaming (2)]
 24058 | Volcano  | Slain by a two-headed ogre

Illustrated notes

Levels and vault maps discovered:
D:1:      scummos_arrival_gate, layout_loops_ring, serial_rivers,
          chequers_serial_rivers_micro_e, chequers_serial_rivers_room_a,
          chequers_serial_rivers_micro_e, chequers_serial_rivers_small_3,
          chequers_serial_rivers_room_a, chequers_serial_rivers_micro_c
D:2:      layout_rooms
D:3:      layout_loops_corners
D:4:      layout_rooms, minmay_crossroads
D:5:      layout_basic, serial_shops, nicolae_shop_trees, dk_noncrumbling_4
D:6:      layout_basic, nicolae_overflow_crystal_walls, grunt_decor_cap,
          bloody_trog, uniq_grinder, uniq_duvessa, uniq_pikel
D:7:      layout_rooms, minmay_temple_entry_mini_moons
D:8:      layout_basic, nicolae_overflow_hidden_temple
D:9:      layout_cave_pods, gammafunk_temple_overflow_wave, serial_bayou_ford_a,
          uniq_maurice
D:10:     layout_irregular_city, minmay_lair_entry_grove, serial_shops, shop,
          uniq_erolcha
D:11:     layout_loops_ring, serial_shops, shop_fountains
Temple:   nicolae_temple_elliptical
Lair:1:   layout_regular_city, gauntlet_entry_generic,
          minmay_lair_oklob_chamber, grunt_megastairs_5
Lair:2:   layout_big_grid, beast_lair_carwin_9
Lair:3:   layout_misc_corridors, nicolae_volcano_entry_vermiform,
          minmay_hedge_maze, minivault_26
Volcano:  volcano_caves

Skill      XL: |  1  2  3  4  5  6  7  8  9 10 11 12 13 |
---------------+----------------------------------------+-----
Unarmed Combat | 1 2 3 4 6 8 9 10 11 | 11.2
Fighting       | 1 2 4 5 6 |  6.5
Earth Magic    | 4 5 6 7 9 10 11 | 11.2
Transmutations | 2 3 |  3.6
Stealth        | 3 4 5 |  5.0
Spellcasting   | 3 4 5 6 7 |  7.8
Invocations    | 2 3 4 6 7 |  7.7
Evocations     | 2 3 |  3.0
Dodging        | 3 4 |  4.4
Throwing       | 1 |  1.0
Shields        | 2 4 |  4.5
Slings         | 3 |  3.5

Action                   |  1- 3 |  4- 6 |  7- 9 | 10-12 | 13-15 || total
-------------------------+-------+-------+-------+-------+-------++-------
Melee: Short sword       |    33 |       |       |       |       ||    33
       Constrict         |    19 |    36 |    33 |    48 |     1 ||   137
       Tentacles         |    11 |    19 |    30 |    62 |     2 ||   124
       Dagger            |    37 |   107 |    93 |    26 |       ||   263
       Bite              |       |       |    19 |    28 |       ||    47
       Punch             |       |       |     5 |    29 |     1 ||    35
       Unarmed           |       |       |    43 |   319 |     4 ||   366
 Fire: Fustibalus        |       |       |       |    86 |    15 ||   101
Throw: Boomerang         |       |     6 |     3 |    33 |       ||    42
       Javelin           |       |       |       |     1 |       ||     1
 Cast: Sandblast         |    12 |    41 |    42 |   155 |    17 ||   267
       Stone Arrow       |       |       |     1 |     4 |     3 ||     8
       Petrify           |       |       |       |     5 |       ||     5
       Lee's Rapid Decon |       |       |       |     3 |       ||     3
       Passwall          |       |       |       |       |     1 ||     1
Invok: Bend Time         |       |       |    10 |    36 |     4 ||    50
Evoke: Wand              |       |       |    19 |    41 |     1 ||    61
  Use: Scroll            |     4 |     4 |     9 |    14 |       ||    31
       Potion            |       |     4 |     6 |    14 |     3 ||    27
 Stab: Sleeping          |     5 |    10 |    10 |     4 |       ||    29
       Distracted        |     1 |       |       |     2 |       ||     3
       Paralysed         |       |       |     9 |    17 |       ||    26
Armor: Skin              |    11 |     3 |    18 |   116 |     5 ||   153
Dodge: Dodged            |    45 |    51 |   119 |   193 |     8 ||   416
Block: Buckler           |       |       |       |   111 |     4 ||   115
       Reflection        |       |       |       |     6 |       ||     6
